[ AOE2 MATCH · #481615458 ]
Team RMCelts vs Khmer
[ REPLAY ANALYSIS · EXTRACTED FROM THE RECORDED GAME ]
Feudal
11:20
Castle
19:49
Imperial
—
| APM avg | 24.6 |
| APM peak | 61 |
| eAPM avg | 13.4 |
| Villagers / military | 98 / 61 |
Focus
⚔️ 16.9% · 🌾 83.1%
Spearman ×45 · Scorpion ×10 · Mangonel ×6
Feudal
—
Castle
—
Imperial
—
| APM avg | 17.9 |
| APM peak | 52 |
| eAPM avg | 13.0 |
| Villagers / military | 108 / 30 |
Focus
⚔️ 28.6% · 🌾 71.4%
Boyar ×8 · Scorpion ×8 · Militia ×6 · Monk ×4 · Spearman ×4
Feudal
12:38
Castle
20:54
Imperial
25:31
| APM avg | 11.4 |
| APM peak | 39 |
| eAPM avg | 6.4 |
| Villagers / military | 47 / 0 |
Focus
⚔️ 5.5% · 🌾 94.5%
Feudal
11:22
Castle
15:05
Imperial
—
| APM avg | 16.7 |
| APM peak | 73 |
| eAPM avg | 8.0 |
| Villagers / military | 74 / 8 |
Focus
⚔️ 10.3% · 🌾 89.7%
Steppe Lancer ×6 · Monk ×2
Feudal
13:16
Castle
20:06
Imperial
35:27
| APM avg | 15.4 |
| APM peak | 51 |
| eAPM avg | 12.0 |
| Villagers / military | 121 / 82 |
Focus
⚔️ 29.2% · 🌾 70.8%
Mameluke ×46 · Trade Cart ×19 · Scout Cavalry ×18 · Monk ×6 · Mangonel ×6 · Trebuchet (Packed) ×5
Feudal
15:55
Castle
23:54
Imperial
35:59
| APM avg | 12.8 |
| APM peak | 31 |
| eAPM avg | 11.5 |
| Villagers / military | 122 / 61 |
Focus
⚔️ 27.0% · 🌾 73.0%
Militia ×34 · Spearman ×21 · Trade Cart ×8 · Battering Ram ×4 · Monk ×1 · Trebuchet (Packed) ×1
Feudal
10:38
Castle
14:36
Imperial
30:40
| APM avg | 24.0 |
| APM peak | 77 |
| eAPM avg | 19.6 |
| Villagers / military | 192 / 198 |
Focus
⚔️ 22.3% · 🌾 77.7%
Battle Elephant ×127 · Scorpion ×65 · Trebuchet (Packed) ×5 · Monk ×1
Feudal
11:23
Castle
19:07
Imperial
34:18
| APM avg | 20.9 |
| APM peak | 40 |
| eAPM avg | 15.1 |
| Villagers / military | 178 / 66 |
Focus
⚔️ 21.1% · 🌾 78.9%
Camel Scout ×43 · Scout Cavalry ×14 · Ghulam ×8 · Monk ×1
Match map
Initial resources + every placement click. Lines = walls · curves = elevation contours. ◆ gold · ⬟ stone · ● berries · ✦ relic · ◌ wall gap
Your base· Open — opponent sealed themselves in
LimAstora2434's base· ✓ Closed at 24:13 · 91t walls · no gate
TheDukeofWrenches's base· ✓ Closed at 20:54 · 16t walls · no gate
Dynasty's base· Open — opponent sealed themselves in
Str1zh's base· ✓ Closed at 20:06 · 33t walls · no gate
CelticNYC's base· Open — opponent sealed themselves in
eward17's base· ✓ Closed at 14:36 · 0t walls · fragile
f -type's base· Open — opponent sealed themselves in
Smoothed initial terrain · ◌ = detected wall gap · hover for details
Inputs per minute
— SneakyTea - - LimAstora2434
Build order — SneakyTea
First 150 of 228 actions detected
| 0:02 | Create | Villager (Male) |
| 0:02 | Create | Villager (Male) |
| 0:04 | Build | House |
| 0:05 | Build | House |
| 0:42 | Create | Villager (Male) |
| 0:42 | Create | Villager (Male) |
| 0:42 | Create | Villager (Male) |
| 1:55 | Create | Villager (Male) |
| 1:56 | Create | Villager (Male) |
| 2:19 | Create | Villager (Male) |
| 2:19 | Create | Villager (Male) |
| 2:53 | Build | Lumber Camp |
| 3:04 | Create | Villager (Male) |
| 3:05 | Create | Villager (Male) |
| 3:18 | Create | Villager (Male) |
| 3:18 | Create | Villager (Male) |
| 3:39 | Build | House |
| 3:40 | Build | House |
| 3:53 | Create | Villager (Male) |
| 3:53 | Create | Villager (Male) |
| 4:08 | Create | Villager (Male) |
| 4:08 | Create | Villager (Male) |
| 4:26 | Create | Villager (Male) |
| 4:56 | Create | Villager (Male) |
| 4:56 | Create | Villager (Male) |
| 5:17 | Create | Villager (Male) |
| 5:17 | Create | Villager (Male) |
| 5:17 | Create | Villager (Male) |
| 5:58 | Build | Mill |
| 6:10 | Create | Villager (Male) |
| 6:10 | Create | Villager (Male) |
| 6:30 | Create | Villager (Male) |
| 6:30 | Create | Villager (Male) |
| 7:28 | Build | Mill |
| 7:30 | Create | Villager (Male) |
| 7:31 | Create | Villager (Male) |
| 7:31 | Create | Villager (Male) |
| 9:02 | Build | Lumber Camp |
| 9:05 | Build | Mining Camp |
| 9:10 | Research | Feudal Age |
| 9:11 | Research | Loom |
| 9:59 | Build | House |
| 10:00 | Build | House |
| 10:47 | Build | Barracks |
| 10:57 | Build | Outpost |
| 11:08 | Create | Villager (Male) |
| 11:09 | Create | Villager (Male) |
| 11:20 | Age | Feudal Age |
| 11:33 | Build | Market |
| 12:01 | Build | Mining Camp |
| 12:16 | Build | Farm |
| 12:21 | Create | Villager (Male) |
| 12:59 | Create | Spearman |
| 13:39 | Create | Villager (Male) |
| 13:39 | Create | Villager (Male) |
| 13:40 | Create | Villager (Male) |
| 13:50 | Build | Farm |
| 13:51 | Build | Farm |
| 14:01 | Build | House |
| 14:10 | Build | Farm |
| 14:11 | Build | Farm |
| 14:12 | Build | Farm |
| 14:17 | Build | Palisade Wall |
| 14:25 | Build | Farm |
| 14:40 | Build | Palisade Wall |
| 15:20 | Build | Blacksmith |
| 15:25 | Build | Palisade Wall |
| 15:53 | Build | Palisade Wall |
| 15:57 | Build | Palisade Wall |
| 16:16 | Build | House |
| 16:59 | Build | Barracks |
| 17:04 | Create | Villager (Male) |
| 17:04 | Create | Villager (Male) |
| 17:06 | Research | Castle Age |
| 17:49 | Create | Villager (Male) |
| 18:34 | Build | Farm |
| 18:35 | Create | Villager (Male) |
| 19:06 | Create | Villager (Male) |
| 19:06 | Create | Villager (Male) |
| 19:40 | Create | Villager (Male) |
| 19:40 | Create | Villager (Male) |
| 19:40 | Create | Villager (Male) |
| 19:49 | Age | Castle Age |
| 19:53 | Create | Villager (Male) |
| 20:11 | Create | Villager (Male) |
| 20:12 | Create | Villager (Male) |
| 20:28 | Build | Town Center |
| 21:24 | Create | Villager (Male) |
| 22:02 | Build | Siege Workshop |
| 22:08 | Create | Villager (Male) |
| 23:18 | Build | Town Center |
| 23:40 | Create | Villager (Male) |
| 23:40 | Create | Villager (Male) |
| 23:40 | Create | Villager (Male) |
| 23:51 | Build | Farm |
| 23:51 | Build | Farm |
| 24:04 | Create | Villager (Male) |
| 25:11 | Create | Villager (Male) |
| 25:12 | Create | Villager (Male) |
| 25:35 | Create | Villager (Male) |
| 25:35 | Create | Villager (Male) |
| 25:36 | Create | Villager (Male) |
| 25:36 | Create | Villager (Male) |
| 25:40 | Build | Farm |
| 25:48 | Build | Farm |
| 25:51 | Build | Farm |
| 26:09 | Create | Villager (Male) |
| 26:10 | Create | Villager (Male) |
| 26:10 | Create | Villager (Male) |
| 26:42 | Create | Villager (Male) |
| 26:43 | Create | Villager (Male) |
| 26:43 | Create | Villager (Male) |
| 26:43 | Create | Villager (Male) |
| 26:46 | Create | Villager (Male) |
| 26:46 | Create | Villager (Male) |
| 26:47 | Create | Villager (Male) |
| 26:49 | Create | Villager (Male) |
| 26:49 | Create | Villager (Male) |
| 26:52 | Build | Farm |
| 26:53 | Build | Farm |
| 26:53 | Build | Farm |
| 26:53 | Build | Farm |
| 26:57 | Build | Farm |
| 26:57 | Build | Farm |
| 26:57 | Build | Farm |
| 26:58 | Build | Farm |
| 27:05 | Build | Farm |
| 27:05 | Build | Farm |
| 27:05 | Build | Farm |
| 27:06 | Build | Farm |
| 27:31 | Create | Villager (Male) |
| 27:31 | Create | Villager (Male) |
| 27:31 | Create | Villager (Male) |
| 27:46 | Build | House |
| 27:46 | Build | House |
| 28:02 | Build | Farm |
| 28:10 | Research | Double-Bit Axe |
| 28:27 | Build | House |
| 28:28 | Build | House |
| 28:29 | Build | House |
| 28:31 | Build | House |
| 28:32 | Build | House |
| 28:33 | Build | House |
| 28:41 | Build | House |
| 28:42 | Build | House |
| 28:43 | Build | House |
| 28:43 | Build | House |
| 28:43 | Build | House |
| 28:44 | Build | House |
| 28:44 | Build | House |
Build order — LimAstora2434
First 150 of 260 actions detected
| 0:01 | Create | Villager (Male) ×4 |
| 0:02 | Build | House |
| 0:08 | Build | House |
| 0:11 | Research | Loom |
| 0:13 | Create | Villager (Male) |
| 0:13 | Create | Villager (Male) |
| 0:14 | Create | Villager (Male) |
| 0:14 | Create | Villager (Male) |
| 0:26 | Build | Palisade Wall |
| 0:52 | Build | Palisade Wall |
| 2:39 | Create | Villager (Male) |
| 2:50 | Build | Lumber Camp |
| 3:46 | Create | Villager (Male) |
| 4:18 | Create | Villager (Male) |
| 4:35 | Create | Villager (Male) |
| 4:57 | Build | House |
| 5:22 | Create | Villager (Male) |
| 5:54 | Create | Villager (Male) |
| 5:54 | Create | Villager (Male) |
| 5:55 | Create | Villager (Male) |
| 5:56 | Create | Villager (Male) |
| 6:52 | Create | Villager (Male) |
| 7:37 | Create | Villager (Male) |
| 7:57 | Create | Villager (Male) |
| 8:06 | Create | Villager (Male) |
| 8:41 | Build | House |
| 8:56 | Create | Villager (Male) |
| 9:25 | Build | Mill |
| 10:08 | Research | Feudal Age |
| 10:53 | Build | Barracks |
| 11:11 | Create | Villager (Male) |
| 11:12 | Create | Villager (Male) |
| 11:23 | Build | House |
| 11:38 | Create | Militia |
| 11:39 | Create | Militia |
| 11:55 | Build | Mining Camp |
| 11:59 | Create | Villager (Male) |
| 12:25 | Create | Spearman |
| 13:02 | Research | Man-at-Arms (upgrade) |
| 13:33 | Create | Militia |
| 13:56 | Build | Outpost |
| 14:05 | Create | Villager (Male) |
| 14:11 | Create | Militia |
| 14:23 | Build | Blacksmith |
| 14:25 | Build | Lumber Camp |
| 14:42 | Create | Villager (Male) |
| 15:17 | Build | Palisade Wall |
| 15:18 | Build | Palisade Wall |
| 15:19 | Build | Palisade Wall |
| 15:20 | Build | Palisade Wall |
| 15:40 | Create | Villager (Male) |
| 15:47 | Create | Villager (Male) |
| 15:47 | Create | Villager (Male) |
| 15:50 | Research | Forging |
| 15:50 | Research | Scale Mail Armor |
| 15:53 | Create | Militia |
| 15:53 | Create | Militia |
| 16:23 | Build | Palisade Wall |
| 16:36 | Research | Double-Bit Axe |
| 16:40 | Build | Farm |
| 16:40 | Build | Farm |
| 17:02 | Build | Stone Wall |
| 17:20 | Create | Villager (Male) |
| 17:53 | Create | Villager (Male) |
| 17:58 | Build | Farm |
| 17:59 | Build | Farm |
| 17:59 | Build | Farm |
| 17:59 | Build | Farm |
| 17:59 | Build | Farm |
| 18:00 | Build | Farm |
| 18:00 | Build | Farm |
| 18:14 | Create | Villager (Male) |
| 18:52 | Build | Stone Wall |
| 18:55 | Build | Farm |
| 18:55 | Build | Farm |
| 18:56 | Build | Farm |
| 18:56 | Build | Farm |
| 19:08 | Create | Villager (Male) |
| 19:25 | Build | Mill |
| 19:40 | Create | Villager (Male) |
| 19:44 | Build | Farm |
| 19:44 | Build | Farm |
| 19:45 | Build | Farm |
| 19:52 | Build | Farm |
| 20:16 | Build | Stone Wall |
| 20:21 | Build | Mining Camp |
| 20:23 | Create | Villager (Male) |
| 20:25 | Create | Villager (Male) |
| 20:31 | Build | Farm |
| 20:46 | Create | Villager (Male) |
| 21:39 | Create | Villager (Male) |
| 21:55 | Build | House |
| 22:09 | Build | House |
| 22:11 | Create | Villager (Male) |
| 22:24 | Build | Outpost |
| 22:50 | Build | Stone Wall |
| 22:56 | Build | Stone Wall |
| 23:14 | Create | Villager (Male) |
| 23:44 | Build | Market |
| 24:13 | Research | Castle Age |
| 24:27 | Build | Gate |
| 24:36 | Research | Wheelbarrow |
| 26:50 | Research | Horse Collar |
| 26:56 | Research | Bow Saw |
| 26:59 | Create | Villager (Male) |
| 26:59 | Create | Villager (Male) |
| 27:13 | Build | Town Center |
| 27:30 | Build | Farm |
| 27:58 | Build | Monastery |
| 28:11 | Research | Town Watch |
| 28:12 | Create | Villager (Male) |
| 28:12 | Create | Villager (Male) |
| 28:25 | Build | Monastery |
| 28:37 | Create | Villager (Male) |
| 28:46 | Create | Monk |
| 28:48 | Research | Sanctity |
| 29:04 | Research | Redemption |
| 29:10 | Create | Villager (Male) |
| 29:11 | Create | Villager (Male) |
| 29:17 | Research | Heavy Plow |
| 29:19 | Create | Villager (Male) |
| 29:27 | Create | Villager (Male) |
| 30:01 | Create | Villager (Male) |
| 30:04 | Build | Town Center |
| 30:08 | Create | Villager (Male) |
| 30:20 | Create | Monk |
| 30:28 | Create | Spearman |
| 30:39 | Create | Villager (Male) |
| 30:39 | Create | Villager (Male) |
| 31:04 | Create | Villager (Male) |
| 31:04 | Create | Villager (Male) |
| 31:09 | Build | House |
| 31:10 | Build | House |
| 31:15 | Build | Lumber Camp |
| 31:17 | Build | Lumber Camp |
| 31:21 | Build | Farm |
| 31:21 | Build | Farm |
| 31:21 | Build | Farm |
| 31:21 | Build | Farm |
| 31:22 | Build | Farm |
| 31:22 | Build | Farm |
| 31:23 | Build | Farm |
| 31:23 | Build | Farm |
| 31:24 | Build | Farm |
| 31:24 | Build | Farm |
| 31:24 | Build | Farm |
| 31:25 | Build | Farm |
| 31:25 | Build | Farm |
| 31:25 | Build | Farm |
| 31:26 | Build | Farm |
Build order — TheDukeofWrenches
103 actions detected in the replay
| 0:05 | Research | Loom |
| 0:05 | Create | Villager (Male) |
| 0:05 | Create | Villager (Male) |
| 0:06 | Create | Villager (Male) |
| 0:06 | Create | Villager (Male) |
| 0:11 | Build | House |
| 0:13 | Build | House |
| 1:34 | Build | Lumber Camp |
| 2:10 | Create | Villager (Male) |
| 2:32 | Create | Villager (Male) |
| 3:17 | Build | House |
| 3:18 | Build | House |
| 3:39 | Create | Villager (Male) |
| 3:40 | Create | Villager (Male) |
| 3:47 | Create | Villager (Male) |
| 3:47 | Create | Villager (Male) |
| 4:29 | Create | Villager (Male) |
| 4:29 | Create | Villager (Male) |
| 5:14 | Create | Villager (Male) |
| 5:30 | Build | Lumber Camp |
| 5:32 | Create | Villager (Male) |
| 5:32 | Create | Villager (Male) |
| 6:24 | Create | Villager (Male) |
| 6:24 | Create | Villager (Male) |
| 6:35 | Create | Villager (Male) |
| 6:35 | Create | Villager (Male) |
| 7:22 | Create | Villager (Male) |
| 7:39 | Create | Villager (Male) |
| 8:41 | Create | Villager (Male) |
| 8:41 | Create | Villager (Male) |
| 9:47 | Create | Villager (Male) |
| 9:47 | Create | Villager (Male) |
| 9:58 | Build | Mill |
| 10:19 | Build | House |
| 10:28 | Research | Feudal Age |
| 10:38 | Build | Mill |
| 11:13 | Build | House |
| 11:14 | Build | House |
| 11:15 | Build | House |
| 11:52 | Build | Lumber Camp |
| 12:06 | Build | Mining Camp |
| 12:38 | Age | Feudal Age |
| 12:44 | Create | Villager (Male) |
| 12:44 | Create | Villager (Male) |
| 12:55 | Build | Stone Wall |
| 13:02 | Research | Horse Collar |
| 13:04 | Research | Double-Bit Axe |
| 13:06 | Create | Villager (Male) |
| 13:07 | Create | Villager (Male) |
| 13:13 | Build | Farm |
| 13:13 | Build | Farm |
| 13:13 | Build | Farm |
| 13:14 | Build | Farm |
| 13:53 | Build | Farm |
| 13:55 | Build | Farm |
| 14:00 | Build | Farm |
| 14:04 | Create | Villager (Male) |
| 14:04 | Create | Villager (Male) |
| 14:05 | Create | Villager (Male) |
| 14:10 | Research | Wheelbarrow |
| 14:25 | Build | Mining Camp |
| 14:57 | Create | Villager (Male) |
| 14:57 | Create | Villager (Male) |
| 16:13 | Build | Farm |
| 16:52 | Build | Farm |
| 16:56 | Create | Villager (Male) |
| 17:07 | Build | Market |
| 17:14 | Build | Blacksmith |
| 17:15 | Create | Villager (Male) |
| 17:15 | Create | Villager (Male) |
| 17:17 | Research | Gold Mining |
| 17:43 | Build | Farm |
| 17:54 | Build | Farm |
| 17:55 | Build | Farm |
| 18:03 | Build | Farm |
| 18:06 | Build | Farm |
| 18:14 | Research | Castle Age |
| 18:34 | Build | Farm |
| 18:42 | Build | House |
| 20:54 | Age | Castle Age |
| 20:58 | Build | Town Center |
| 21:02 | Research | Bow Saw |
| 21:13 | Create | Villager (Male) |
| 21:13 | Create | Villager (Male) |
| 21:21 | Build | Monastery |
| 21:26 | Build | University |
| 22:21 | Research | Imperial Age |
| 22:45 | Create | Villager (Male) |
| 22:45 | Create | Villager (Male) |
| 22:49 | Build | Farm |
| 22:50 | Build | Farm |
| 22:50 | Build | Farm |
| 22:50 | Build | Farm |
| 23:36 | Build | Barracks |
| 23:41 | Create | Villager (Male) |
| 23:42 | Create | Villager (Male) |
| 23:43 | Create | Villager (Male) |
| 23:44 | Create | Villager (Male) |
| 23:44 | Create | Villager (Male) |
| 23:44 | Create | Villager (Male) |
| 24:12 | Research | Heavy Plow |
| 25:31 | Age | Imperial Age |
| 25:37 | Build | Siege Workshop |
Build order — Dynasty
147 actions detected in the replay
| 0:01 | Create | Villager (Male) |
| 0:01 | Create | Villager (Male) |
| 0:03 | Build | House |
| 0:04 | Build | House |
| 0:20 | Create | Villager (Male) |
| 0:20 | Create | Villager (Male) |
| 2:06 | Create | Villager (Male) |
| 2:07 | Create | Villager (Male) |
| 2:41 | Create | Villager (Male) |
| 2:41 | Create | Villager (Male) |
| 2:44 | Create | Villager (Male) |
| 3:05 | Build | Lumber Camp |
| 3:07 | Create | Villager (Male) |
| 3:07 | Create | Villager (Male) |
| 3:46 | Create | Villager (Male) |
| 3:46 | Create | Villager (Male) |
| 3:51 | Build | House |
| 4:01 | Create | Villager (Male) |
| 4:51 | Create | Villager (Male) |
| 4:51 | Create | Villager (Male) |
| 5:18 | Build | Mill |
| 5:48 | Build | House |
| 5:49 | Create | Villager (Male) |
| 5:58 | Create | Villager (Male) |
| 5:58 | Create | Villager (Male) |
| 5:59 | Create | Villager (Male) |
| 5:59 | Create | Villager (Male) |
| 5:59 | Create | Villager (Male) |
| 6:14 | Create | Villager (Male) |
| 6:51 | Create | Villager (Male) |
| 6:51 | Create | Villager (Male) |
| 7:40 | Create | Villager (Male) |
| 7:43 | Create | Villager (Male) |
| 7:44 | Create | Villager (Male) |
| 7:44 | Create | Villager (Male) |
| 8:27 | Build | Mining Camp |
| 8:52 | Research | Feudal Age |
| 9:00 | Build | House |
| 10:08 | Create | Villager (Male) |
| 10:08 | Create | Villager (Male) |
| 11:22 | Age | Feudal Age |
| 11:34 | Build | Market |
| 11:39 | Build | Blacksmith |
| 12:25 | Research | Castle Age |
| 12:51 | Build | House |
| 12:59 | Build | Barracks |
| 13:02 | Research | Double-Bit Axe |
| 13:46 | Research | Horse Collar |
| 14:35 | Build | Stable |
| 14:44 | Research | Scale Barding Armor |
| 15:05 | Age | Castle Age |
| 15:25 | Create | Steppe Lancer |
| 15:26 | Create | Steppe Lancer |
| 15:26 | Create | Steppe Lancer |
| 15:26 | Create | Steppe Lancer |
| 15:26 | Create | Steppe Lancer |
| 15:27 | Create | Steppe Lancer |
| 15:42 | Build | Farm |
| 15:43 | Build | Farm |
| 15:44 | Build | Farm |
| 15:45 | Build | Farm |
| 15:49 | Build | Farm |
| 15:53 | Research | Bow Saw |
| 16:10 | Build | Farm |
| 16:40 | Create | Villager (Male) |
| 16:56 | Build | Town Center |
| 17:26 | Create | Villager (Male) |
| 17:26 | Create | Villager (Male) |
| 17:26 | Create | Villager (Male) |
| 17:35 | Create | Villager (Male) |
| 17:41 | Build | House |
| 17:42 | Build | House |
| 17:58 | Create | Villager (Male) |
| 17:58 | Create | Villager (Male) |
| 19:02 | Build | Town Center |
| 19:11 | Create | Villager (Male) |
| 19:14 | Build | Farm |
| 19:15 | Create | Villager (Male) |
| 19:16 | Build | Farm |
| 19:17 | Build | Farm |
| 19:18 | Build | Farm |
| 19:23 | Create | Villager (Male) |
| 19:23 | Create | Villager (Male) |
| 19:23 | Create | Villager (Male) |
| 19:49 | Build | Farm |
| 19:57 | Create | Villager (Male) |
| 19:58 | Create | Villager (Male) |
| 20:12 | Build | Farm |
| 20:13 | Create | Villager (Male) |
| 20:25 | Create | Villager (Male) |
| 20:28 | Build | House |
| 20:29 | Build | House |
| 20:30 | Build | House |
| 20:34 | Build | Monastery |
| 20:39 | Create | Villager (Male) |
| 20:39 | Create | Villager (Male) |
| 20:43 | Build | Farm |
| 21:03 | Create | Villager (Male) |
| 21:04 | Create | Villager (Male) |
| 21:08 | Build | Lumber Camp |
| 21:13 | Build | Farm |
| 21:14 | Build | Farm |
| 21:18 | Create | Villager (Male) |
| 21:23 | Build | Farm |
| 21:28 | Create | Villager (Male) |
| 21:44 | Build | Farm |
| 21:46 | Build | Farm |
| 21:47 | Create | Villager (Male) |
| 21:50 | Create | Monk |
| 22:00 | Create | Villager (Male) |
| 22:00 | Create | Villager (Male) |
| 22:15 | Build | Farm |
| 22:18 | Create | Villager (Male) |
| 22:22 | Build | House |
| 22:24 | Build | House |
| 22:26 | Build | Farm |
| 22:30 | Create | Villager (Male) |
| 22:30 | Create | Villager (Male) |
| 22:30 | Create | Villager (Male) |
| 22:35 | Create | Villager (Male) |
| 22:58 | Create | Villager (Male) |
| 22:58 | Create | Villager (Male) |
| 22:58 | Create | Villager (Male) |
| 23:04 | Build | Farm |
| 23:16 | Build | Town Center |
| 23:19 | Create | Villager (Male) |
| 23:20 | Create | Villager (Male) |
| 23:20 | Create | Villager (Male) |
| 23:20 | Create | Villager (Male) |
| 23:25 | Build | Farm |
| 23:30 | Build | House |
| 23:30 | Build | House |
| 23:45 | Build | Lumber Camp |
| 23:50 | Build | Farm |
| 24:00 | Research | Wheelbarrow |
| 24:04 | Research | Heavy Plow |
| 24:05 | Create | Villager (Male) |
| 24:06 | Create | Villager (Male) |
| 24:21 | Create | Villager (Male) |
| 24:42 | Create | Villager (Male) |
| 24:42 | Create | Villager (Male) |
| 24:44 | Build | House |
| 24:45 | Build | House |
| 24:51 | Create | Monk |
| 24:56 | Build | Farm |
| 24:57 | Build | Farm |
| 24:59 | Create | Villager (Male) |
Build order — Str1zh
First 150 of 370 actions detected
| 0:04 | Create | Villager (Male) |
| 0:04 | Create | Villager (Male) |
| 0:04 | Create | Villager (Male) |
| 0:05 | Create | Villager (Male) |
| 0:05 | Create | Villager (Male) |
| 0:05 | Create | Villager (Male) |
| 0:07 | Build | House |
| 0:18 | Build | Palisade Wall |
| 0:34 | Research | Loom |
| 0:37 | Create | Villager (Male) |
| 0:37 | Create | Villager (Male) |
| 0:37 | Create | Villager (Male) |
| 0:38 | Create | Villager (Male) |
| 0:53 | Build | Palisade Wall |
| 1:56 | Build | Lumber Camp |
| 2:58 | Create | Villager (Male) |
| 2:58 | Create | Villager (Male) |
| 3:20 | Create | Villager (Male) |
| 3:56 | Create | Villager (Male) |
| 4:02 | Build | House |
| 4:32 | Create | Villager (Male) |
| 4:32 | Create | Villager (Male) |
| 4:43 | Create | Villager (Male) |
| 4:44 | Create | Villager (Male) |
| 5:36 | Create | Villager (Male) |
| 5:36 | Create | Villager (Male) |
| 5:48 | Create | Villager (Male) |
| 5:48 | Create | Villager (Male) |
| 5:53 | Build | House |
| 6:45 | Create | Villager (Male) |
| 6:45 | Create | Villager (Male) |
| 6:45 | Create | Villager (Male) |
| 6:46 | Create | Villager (Male) |
| 6:47 | Create | Villager (Male) |
| 6:47 | Create | Villager (Male) |
| 7:36 | Create | Villager (Male) |
| 7:37 | Create | Villager (Male) |
| 7:44 | Build | House |
| 8:31 | Create | Villager (Male) |
| 8:32 | Create | Villager (Male) |
| 8:32 | Create | Villager (Male) |
| 8:33 | Create | Villager (Male) |
| 8:33 | Create | Villager (Male) |
| 8:53 | Create | Villager (Male) |
| 8:54 | Create | Villager (Male) |
| 10:14 | Build | Mill |
| 10:36 | Build | Mining Camp |
| 11:01 | Build | Lumber Camp |
| 11:06 | Research | Feudal Age |
| 11:41 | Build | House |
| 12:35 | Build | Mill |
| 12:42 | Create | Villager (Male) |
| 12:43 | Create | Villager (Male) |
| 13:16 | Age | Feudal Age |
| 13:24 | Build | Blacksmith |
| 13:48 | Build | Market |
| 13:53 | Create | Villager (Male) |
| 13:53 | Create | Villager (Male) |
| 13:54 | Create | Villager (Male) |
| 13:54 | Create | Villager (Male) |
| 14:15 | Build | House |
| 14:50 | Build | Stone Wall |
| 14:52 | Research | Double-Bit Axe |
| 15:28 | Build | Farm |
| 15:38 | Create | Villager (Male) |
| 15:39 | Create | Villager (Male) |
| 15:53 | Build | Farm |
| 15:54 | Build | Farm |
| 15:55 | Build | Farm |
| 15:57 | Build | Farm |
| 15:58 | Build | Farm |
| 16:22 | Create | Villager (Male) |
| 16:23 | Create | Villager (Male) |
| 16:33 | Research | Horse Collar |
| 16:46 | Build | House |
| 16:47 | Build | House |
| 16:48 | Build | House |
| 16:50 | Build | House |
| 16:54 | Build | House |
| 16:56 | Build | House |
| 16:58 | Build | House |
| 17:01 | Build | House |
| 17:09 | Research | Castle Age |
| 18:04 | Create | Trade Cart |
| 18:04 | Create | Trade Cart |
| 18:05 | Create | Trade Cart |
| 18:05 | Create | Trade Cart |
| 19:34 | Create | Villager (Male) |
| 19:34 | Create | Villager (Male) |
| 19:35 | Create | Villager (Male) |
| 20:06 | Age | Castle Age |
| 20:09 | Build | Barracks |
| 20:12 | Build | Farm |
| 20:12 | Build | Farm |
| 20:13 | Build | Farm |
| 20:14 | Build | Farm |
| 20:14 | Build | Farm |
| 20:15 | Build | Farm |
| 20:26 | Build | Town Center |
| 21:17 | Create | Villager (Male) |
| 21:17 | Create | Villager (Male) |
| 21:17 | Create | Villager (Male) |
| 21:17 | Create | Villager (Male) |
| 21:21 | Build | House |
| 21:22 | Build | House |
| 21:24 | Build | House |
| 21:25 | Build | House |
| 21:28 | Build | House |
| 21:29 | Build | House |
| 21:35 | Create | Villager (Male) |
| 21:35 | Create | Villager (Male) |
| 21:35 | Create | Villager (Male) |
| 21:36 | Create | Villager (Male) |
| 21:36 | Create | Villager (Male) |
| 21:36 | Create | Villager (Male) |
| 21:37 | Create | Villager (Male) |
| 21:37 | Create | Villager (Male) |
| 21:37 | Create | Villager (Male) |
| 21:38 | Create | Villager (Male) |
| 21:38 | Create | Villager (Male) |
| 21:38 | Create | Villager (Male) |
| 21:38 | Create | Villager (Male) |
| 21:39 | Create | Villager (Male) |
| 21:39 | Create | Villager (Male) |
| 21:52 | Create | Trade Cart |
| 21:53 | Create | Trade Cart |
| 22:24 | Build | Monastery |
| 22:44 | Research | Caravan |
| 23:01 | Create | Monk |
| 23:22 | Research | Stone Mining |
| 23:26 | Research | Bow Saw |
| 23:31 | Build | Farm |
| 23:39 | Build | Town Center |
| 23:48 | Create | Villager (Male) |
| 23:49 | Create | Villager (Male) |
| 23:56 | Build | House |
| 23:58 | Build | House |
| 24:00 | Build | House |
| 24:02 | Build | House |
| 24:06 | Build | Farm |
| 24:09 | Create | Villager (Male) |
| 24:10 | Create | Villager (Male) |
| 24:10 | Create | Villager (Male) |
| 24:23 | Build | Farm |
| 24:47 | Build | Farm |
| 24:50 | Create | Villager (Male) |
| 24:51 | Create | Villager (Male) |
| 24:52 | Create | Villager (Male) |
| 24:53 | Create | Villager (Male) |
| 25:03 | Create | Trade Cart |
Build order — CelticNYC
First 150 of 332 actions detected
| 0:09 | Build | House |
| 0:16 | Build | House |
| 0:20 | Create | Villager (Male) |
| 0:21 | Create | Villager (Male) |
| 0:21 | Create | Villager (Male) |
| 0:21 | Create | Villager (Male) |
| 0:22 | Research | Loom |
| 0:22 | Research | Loom |
| 0:22 | Research | Loom |
| 0:27 | Create | Villager (Male) |
| 0:27 | Create | Villager (Male) |
| 0:27 | Create | Villager (Male) |
| 1:56 | Build | Palisade Wall |
| 2:03 | Build | Palisade Wall |
| 2:19 | Create | Villager (Male) |
| 2:19 | Create | Villager (Male) |
| 2:19 | Create | Villager (Male) |
| 2:19 | Create | Villager (Male) |
| 2:47 | Create | Villager (Male) |
| 2:48 | Create | Villager (Male) |
| 3:28 | Create | Villager (Male) |
| 3:28 | Create | Villager (Male) |
| 3:51 | Build | Palisade Wall |
| 4:06 | Create | Villager (Male) |
| 4:06 | Create | Villager (Male) |
| 4:06 | Create | Villager (Male) |
| 4:16 | Build | Lumber Camp |
| 4:49 | Create | Villager (Male) |
| 4:49 | Create | Villager (Male) |
| 4:50 | Create | Villager (Male) |
| 4:50 | Create | Villager (Male) |
| 5:30 | Create | Villager (Male) |
| 5:30 | Create | Villager (Male) |
| 5:44 | Create | Villager (Male) |
| 5:44 | Create | Villager (Male) |
| 5:52 | Build | House |
| 6:27 | Create | Villager (Male) |
| 6:27 | Create | Villager (Male) |
| 6:28 | Create | Villager (Male) |
| 6:42 | Build | House |
| 6:51 | Create | Villager (Male) |
| 6:51 | Create | Villager (Male) |
| 6:51 | Create | Villager (Male) |
| 7:42 | Create | Villager (Male) |
| 7:42 | Create | Villager (Male) |
| 7:42 | Create | Villager (Male) |
| 8:02 | Create | Villager (Male) |
| 8:02 | Create | Villager (Male) |
| 8:02 | Create | Villager (Male) |
| 8:27 | Build | Mill |
| 8:30 | Create | Villager (Male) |
| 8:30 | Create | Villager (Male) |
| 8:49 | Create | Villager (Male) |
| 8:49 | Create | Villager (Male) |
| 8:57 | Build | House |
| 10:50 | Create | Villager (Male) |
| 10:50 | Create | Villager (Male) |
| 10:51 | Create | Villager (Male) |
| 11:01 | Build | Mill |
| 11:05 | Create | Villager (Male) |
| 11:06 | Create | Villager (Male) |
| 11:50 | Create | Villager (Male) |
| 11:50 | Create | Villager (Male) |
| 12:30 | Build | House |
| 12:48 | Build | Lumber Camp |
| 13:19 | Research | Feudal Age |
| 15:18 | Build | Farm |
| 15:20 | Build | Farm |
| 15:21 | Build | Farm |
| 15:24 | Build | Farm |
| 15:24 | Build | Farm |
| 15:27 | Build | Farm |
| 15:31 | Build | Farm |
| 15:34 | Build | Farm |
| 15:36 | Build | Farm |
| 15:43 | Build | Farm |
| 15:55 | Age | Feudal Age |
| 15:59 | Create | Villager (Male) |
| 16:00 | Create | Villager (Male) |
| 16:00 | Create | Villager (Male) |
| 16:24 | Research | Double-Bit Axe |
| 16:24 | Research | Double-Bit Axe |
| 16:36 | Build | Stone Wall |
| 16:49 | Build | Lumber Camp |
| 17:02 | Build | Mining Camp |
| 17:06 | Create | Villager (Male) |
| 17:06 | Create | Villager (Male) |
| 17:15 | Build | House |
| 17:26 | Build | Farm |
| 18:14 | Build | Farm |
| 18:28 | Build | Farm |
| 18:39 | Create | Villager (Male) |
| 18:39 | Create | Villager (Male) |
| 18:48 | Build | Blacksmith |
| 19:02 | Build | Market |
| 19:20 | Build | House |
| 19:21 | Build | House |
| 19:42 | Build | Barracks |
| 20:11 | Build | Farm |
| 20:13 | Build | Farm |
| 20:15 | Build | Farm |
| 20:17 | Build | Farm |
| 20:24 | Create | Villager (Male) |
| 20:24 | Create | Villager (Male) |
| 20:24 | Create | Villager (Male) |
| 20:37 | Build | Mining Camp |
| 20:57 | Research | Castle Age |
| 21:25 | Research | Forging |
| 21:28 | Research | Scale Mail Armor |
| 21:31 | Research | Fletching |
| 21:41 | Build | Stable |
| 21:45 | Build | Archery Range |
| 21:49 | Build | Barracks |
| 22:17 | Research | Horse Collar |
| 22:30 | Research | Man-at-Arms (upgrade) |
| 22:30 | Research | Arson |
| 22:43 | Research | Padded Archer Armor |
| 22:54 | Build | Farm |
| 23:21 | Create | Trade Cart |
| 23:21 | Create | Trade Cart |
| 23:21 | Create | Trade Cart |
| 23:54 | Age | Castle Age |
| 23:56 | Build | Barracks |
| 24:03 | Create | Villager (Male) |
| 24:03 | Create | Villager (Male) |
| 24:04 | Create | Villager (Male) |
| 24:04 | Create | Villager (Male) |
| 24:04 | Create | Villager (Male) |
| 24:04 | Create | Villager (Male) |
| 24:05 | Create | Villager (Male) |
| 24:05 | Create | Villager (Male) |
| 24:05 | Create | Villager (Male) |
| 24:05 | Create | Villager (Male) |
| 24:05 | Create | Villager (Male) |
| 24:06 | Create | Villager (Male) |
| 24:06 | Create | Villager (Male) |
| 24:06 | Create | Villager (Male) |
| 24:06 | Create | Villager (Male) |
| 24:07 | Create | Villager (Male) |
| 24:15 | Build | Farm |
| 24:16 | Build | Farm |
| 24:32 | Build | Farm |
| 24:36 | Build | Farm |
| 24:52 | Create | Villager (Male) |
| 24:52 | Create | Villager (Male) |
| 24:52 | Create | Villager (Male) |
| 25:08 | Build | Town Center |
| 25:36 | Create | Villager (Male) |
| 25:36 | Create | Villager (Male) |
| 25:36 | Create | Villager (Male) |
Build order — eward17
First 150 of 482 actions detected
| 0:01 | Create | Villager (Male) |
| 0:01 | Create | Villager (Male) |
| 0:01 | Create | Villager (Male) |
| 0:03 | Build | House |
| 0:05 | Build | House |
| 0:45 | Create | Villager (Male) |
| 0:45 | Create | Villager (Male) |
| 0:45 | Create | Villager (Male) |
| 1:36 | Create | Villager (Male) |
| 1:36 | Create | Villager (Male) |
| 1:59 | Create | Villager (Male) |
| 1:59 | Create | Villager (Male) |
| 2:00 | Create | Villager (Male) |
| 2:13 | Build | Lumber Camp |
| 2:29 | Create | Villager (Male) |
| 2:29 | Create | Villager (Male) |
| 2:30 | Create | Villager (Male) |
| 2:54 | Create | Villager (Male) |
| 2:55 | Create | Villager (Male) |
| 2:55 | Create | Villager (Male) |
| 2:56 | Create | Villager (Male) |
| 2:57 | Create | Villager (Male) |
| 3:35 | Create | Villager (Male) |
| 3:36 | Create | Villager (Male) |
| 3:36 | Create | Villager (Male) |
| 3:51 | Build | House |
| 4:13 | Create | Villager (Male) |
| 4:13 | Create | Villager (Male) |
| 4:14 | Create | Villager (Male) |
| 4:14 | Create | Villager (Male) |
| 4:14 | Create | Villager (Male) |
| 4:41 | Build | Mill |
| 5:02 | Create | Villager (Male) |
| 5:02 | Create | Villager (Male) |
| 5:02 | Create | Villager (Male) |
| 5:02 | Create | Villager (Male) |
| 5:16 | Create | Villager (Male) |
| 5:22 | Research | Loom |
| 5:28 | Build | House |
| 5:54 | Create | Villager (Male) |
| 5:54 | Create | Villager (Male) |
| 5:55 | Create | Villager (Male) |
| 5:55 | Create | Villager (Male) |
| 6:48 | Build | Mining Camp |
| 7:21 | Create | Villager (Male) |
| 7:33 | Create | Villager (Male) |
| 7:33 | Create | Villager (Male) |
| 7:41 | Create | Villager (Male) |
| 8:28 | Research | Feudal Age |
| 8:28 | Research | Feudal Age |
| 8:28 | Research | Feudal Age |
| 8:30 | Research | Feudal Age |
| 9:11 | Create | Villager (Male) |
| 9:12 | Create | Villager (Male) |
| 10:38 | Age | Feudal Age |
| 11:06 | Create | Villager (Male) |
| 11:28 | Create | Villager (Male) |
| 11:54 | Research | Castle Age |
| 11:54 | Research | Castle Age |
| 11:58 | Research | Castle Age |
| 12:04 | Research | Double-Bit Axe |
| 12:33 | Research | Horse Collar |
| 12:48 | Build | Farm |
| 12:54 | Build | Farm |
| 13:02 | Build | House |
| 13:15 | Build | Farm |
| 13:26 | Build | House |
| 14:24 | Create | Villager (Male) |
| 14:36 | Age | Castle Age |
| 14:39 | Research | Bow Saw |
| 14:39 | Research | Bow Saw |
| 14:44 | Build | Town Center |
| 15:09 | Create | Villager (Male) |
| 15:38 | Create | Villager (Male) |
| 15:45 | Build | Town Center |
| 16:06 | Create | Villager (Male) |
| 16:06 | Create | Villager (Male) |
| 16:34 | Create | Villager (Male) |
| 17:11 | Create | Villager (Male) |
| 17:18 | Create | Villager (Male) |
| 17:26 | Create | Villager (Male) |
| 17:29 | Research | Wheelbarrow |
| 17:32 | Create | Villager (Male) |
| 17:33 | Create | Villager (Male) |
| 17:39 | Create | Villager (Male) |
| 17:39 | Create | Villager (Male) |
| 17:40 | Create | Villager (Male) |
| 17:40 | Create | Villager (Male) |
| 17:40 | Create | Villager (Male) |
| 17:41 | Create | Villager (Male) |
| 18:09 | Research | Heavy Plow |
| 18:09 | Research | Heavy Plow |
| 18:09 | Research | Heavy Plow |
| 18:49 | Build | Town Center |
| 19:00 | Build | Farm |
| 19:02 | Build | Farm |
| 19:05 | Build | Farm |
| 19:09 | Build | Farm |
| 19:10 | Build | Farm |
| 19:12 | Build | Farm |
| 19:14 | Build | Farm |
| 19:16 | Build | Farm |
| 19:19 | Build | Farm |
| 19:21 | Build | Farm |
| 19:23 | Build | Farm |
| 19:29 | Create | Villager (Male) |
| 19:29 | Create | Villager (Male) |
| 19:29 | Create | Villager (Male) |
| 19:30 | Create | Villager (Male) |
| 19:30 | Create | Villager (Male) |
| 19:30 | Create | Villager (Male) |
| 19:30 | Create | Villager (Male) |
| 19:30 | Create | Villager (Male) |
| 19:30 | Create | Villager (Male) |
| 19:30 | Create | Villager (Male) |
| 19:30 | Create | Villager (Male) |
| 19:31 | Create | Villager (Male) |
| 19:31 | Create | Villager (Male) |
| 19:31 | Create | Villager (Male) |
| 19:36 | Create | Villager (Male) |
| 19:37 | Create | Villager (Male) |
| 19:53 | Create | Villager (Male) |
| 19:54 | Create | Villager (Male) |
| 19:58 | Build | House |
| 20:12 | Build | Town Center |
| 20:19 | Create | Villager (Male) |
| 20:19 | Create | Villager (Male) |
| 20:19 | Create | Villager (Male) |
| 20:46 | Research | Gold Mining |
| 20:50 | Build | House |
| 20:58 | Build | House |
| 20:58 | Build | House |
| 21:02 | Create | Villager (Male) |
| 21:02 | Create | Villager (Male) |
| 21:02 | Create | Villager (Male) |
| 21:02 | Create | Villager (Male) |
| 21:03 | Create | Villager (Male) |
| 21:21 | Build | Farm |
| 21:27 | Research | Stone Mining |
| 21:34 | Create | Villager (Male) |
| 21:34 | Create | Villager (Male) |
| 21:34 | Create | Villager (Male) |
| 21:34 | Create | Villager (Male) |
| 21:35 | Create | Villager (Male) |
| 21:44 | Build | Farm |
| 21:45 | Build | Farm |
| 21:47 | Build | Farm |
| 21:52 | Build | House |
| 21:52 | Build | House |
| 21:52 | Build | House |
Build order — f -type
First 150 of 420 actions detected
| 0:02 | Create | Villager (Male) |
| 0:02 | Create | Villager (Male) |
| 0:02 | Create | Villager (Male) |
| 0:02 | Create | Villager (Male) |
| 0:02 | Create | Villager (Male) |
| 0:03 | Create | Villager (Male) |
| 0:03 | Create | Villager (Male) |
| 0:04 | Build | House |
| 0:06 | Build | House |
| 0:39 | Build | House |
| 0:47 | Research | Loom |
| 1:17 | Build | House |
| 1:21 | Create | Villager (Male) |
| 1:22 | Create | Villager (Male) |
| 1:22 | Create | Villager (Male) |
| 1:59 | Create | Villager (Male) |
| 2:00 | Create | Villager (Male) |
| 2:00 | Create | Villager (Male) |
| 2:00 | Create | Villager (Male) |
| 2:01 | Create | Villager (Male) |
| 2:46 | Create | Villager (Male) |
| 2:46 | Create | Villager (Male) |
| 2:47 | Create | Villager (Male) |
| 2:47 | Create | Villager (Male) |
| 3:25 | Create | Villager (Male) |
| 3:25 | Create | Villager (Male) |
| 3:26 | Create | Villager (Male) |
| 3:26 | Create | Villager (Male) |
| 3:26 | Create | Villager (Male) |
| 3:26 | Create | Villager (Male) |
| 3:26 | Create | Villager (Male) |
| 3:27 | Create | Villager (Male) |
| 3:27 | Create | Villager (Male) |
| 3:27 | Create | Villager (Male) |
| 3:27 | Create | Villager (Male) |
| 4:04 | Build | Mill |
| 4:07 | Create | Villager (Male) |
| 4:07 | Create | Villager (Male) |
| 4:07 | Create | Villager (Male) |
| 4:07 | Create | Villager (Male) |
| 4:08 | Create | Villager (Male) |
| 4:08 | Create | Villager (Male) |
| 4:08 | Create | Villager (Male) |
| 4:42 | Create | Villager (Male) |
| 4:43 | Create | Villager (Male) |
| 4:43 | Create | Villager (Male) |
| 4:43 | Create | Villager (Male) |
| 5:16 | Create | Villager (Male) |
| 5:17 | Create | Villager (Male) |
| 5:17 | Create | Villager (Male) |
| 5:17 | Create | Villager (Male) |
| 5:18 | Create | Villager (Male) |
| 5:57 | Create | Villager (Male) |
| 5:58 | Create | Villager (Male) |
| 5:58 | Create | Villager (Male) |
| 5:58 | Create | Villager (Male) |
| 5:59 | Create | Villager (Male) |
| 5:59 | Create | Villager (Male) |
| 5:59 | Create | Villager (Male) |
| 5:59 | Create | Villager (Male) |
| 7:14 | Create | Villager (Male) |
| 7:15 | Create | Villager (Male) |
| 8:01 | Build | Lumber Camp |
| 8:33 | Build | Mill |
| 8:38 | Research | Feudal Age |
| 9:35 | Create | Villager (Male) |
| 9:35 | Create | Villager (Male) |
| 10:15 | Build | House |
| 10:18 | Build | House |
| 11:13 | Build | House |
| 11:23 | Age | Feudal Age |
| 11:28 | Research | Double-Bit Axe |
| 11:29 | Research | Horse Collar |
| 11:29 | Research | Horse Collar |
| 11:39 | Build | House |
| 11:48 | Build | Market |
| 11:53 | Build | Farm |
| 11:55 | Create | Villager (Male) |
| 11:55 | Create | Villager (Male) |
| 12:18 | Build | Blacksmith |
| 12:55 | Build | Farm |
| 12:58 | Create | Villager (Male) |
| 12:59 | Create | Villager (Male) |
| 13:05 | Build | Farm |
| 13:35 | Build | Mill |
| 13:54 | Build | House |
| 13:56 | Create | Villager (Male) |
| 13:57 | Create | Villager (Male) |
| 14:27 | Build | Farm |
| 14:32 | Create | Villager (Male) |
| 14:32 | Create | Villager (Male) |
| 14:36 | Build | House |
| 14:51 | Build | Stone Wall |
| 15:16 | Build | House |
| 15:19 | Build | Mining Camp |
| 15:20 | Create | Villager (Male) |
| 15:21 | Create | Villager (Male) |
| 15:21 | Create | Villager (Male) |
| 15:46 | Build | Mining Camp |
| 15:51 | Build | House |
| 16:16 | Research | Castle Age |
| 16:16 | Research | Castle Age |
| 16:17 | Research | Castle Age |
| 16:17 | Research | Castle Age |
| 16:24 | Build | House |
| 16:49 | Build | Stone Wall |
| 16:57 | Build | House |
| 16:59 | Create | Villager (Male) |
| 16:59 | Create | Villager (Male) |
| 17:04 | Research | Stone Mining |
| 17:31 | Build | House |
| 17:33 | Build | House |
| 17:43 | Research | Gold Mining |
| 18:15 | Build | Mill |
| 18:36 | Build | Farm |
| 19:07 | Age | Castle Age |
| 19:11 | Build | Town Center |
| 19:27 | Research | Bow Saw |
| 19:29 | Research | Heavy Plow |
| 19:35 | Build | Farm |
| 19:44 | Create | Villager (Male) |
| 19:44 | Create | Villager (Male) |
| 19:52 | Build | Town Center |
| 20:01 | Build | Farm |
| 20:14 | Research | Stone Shaft Mining |
| 20:52 | Research | Wheelbarrow |
| 21:02 | Build | Farm |
| 21:04 | Build | Farm |
| 21:15 | Create | Villager (Male) |
| 21:17 | Create | Villager (Male) |
| 21:26 | Build | Farm |
| 21:44 | Create | Villager (Male) |
| 21:50 | Build | Farm |
| 22:05 | Create | Villager (Male) |
| 22:05 | Create | Villager (Male) |
| 22:05 | Create | Villager (Male) |
| 22:12 | Build | Town Center |
| 22:18 | Create | Villager (Male) |
| 22:19 | Create | Villager (Male) |
| 22:19 | Create | Villager (Male) |
| 22:19 | Create | Villager (Male) |
| 22:19 | Create | Villager (Male) |
| 22:19 | Create | Villager (Male) |
| 22:30 | Build | Farm |
| 22:32 | Create | Villager (Male) |
| 22:32 | Create | Villager (Male) |
| 22:38 | Build | Farm |
| 23:09 | Build | Farm |
| 23:11 | Create | Villager (Male) |
| 23:11 | Create | Villager (Male) |
Match timeline
| 0:18 | Str1zh · wall_segment Palisade Wall x17 |
| 0:26 | LimAstora2434 · wall_segment Palisade Wall x20 |
| 0:52 | LimAstora2434 · wall_segment Palisade Wall x20 |
| 0:53 | Str1zh · wall_segment Palisade Wall x9 |
| 1:56 | CelticNYC · wall_segment Palisade Wall x9 |
| 2:03 | CelticNYC · wall_segment Palisade Wall x10 |
| 3:51 | CelticNYC · wall_segment Palisade Wall x13 |
| 10:38 | eward17 · age_up feudal |
| 10:47 | SneakyTea · first_building Barracks |
| 10:53 | LimAstora2434 · first_building Barracks |
| 11:20 | SneakyTea · age_up feudal |
| 11:22 | Dynasty · age_up feudal |
| 11:23 | f -type · age_up feudal |
| 12:38 | TheDukeofWrenches · age_up feudal |
| 12:55 | TheDukeofWrenches · wall_segment Stone Wall x16 |
| 12:59 | Dynasty · first_building Barracks |
| 13:16 | Str1zh · age_up feudal |
| 14:17 | SneakyTea · wall_segment Palisade Wall x1 |
| 14:35 | Dynasty · first_building Stable |
| 14:36 | eward17 · age_up castle |
| 14:40 | SneakyTea · wall_segment Palisade Wall x1 |
| 14:50 | Str1zh · wall_segment Stone Wall x9 |
| 14:51 | f -type · wall_segment Stone Wall x12 |
| 15:05 | Dynasty · age_up castle |
| 15:17 | LimAstora2434 · wall_segment Palisade Wall x1 |
| 15:18 | LimAstora2434 · wall_segment Palisade Wall x1 |
| 15:19 | LimAstora2434 · wall_segment Palisade Wall x1 |
| 15:20 | LimAstora2434 · wall_segment Palisade Wall x1 |
| 15:25 | SneakyTea · wall_segment Palisade Wall x1 |
| 15:53 | SneakyTea · wall_segment Palisade Wall x1 |
| 15:55 | CelticNYC · age_up feudal |
| 15:57 | SneakyTea · wall_segment Palisade Wall x1 |
| 16:04 | f -type · first_market_sell 100 wood |
| 16:23 | LimAstora2434 · wall_segment Palisade Wall x1 |
| 16:36 | CelticNYC · wall_segment Stone Wall x10 |
| 16:49 | f -type · wall_segment Stone Wall x13 |
| 17:02 | LimAstora2434 · wall_segment Stone Wall x16 |
| 18:52 | LimAstora2434 · wall_segment Stone Wall x1 |
| 19:07 | f -type · age_up castle |
| 19:42 | CelticNYC · first_building Barracks |
| 19:49 | SneakyTea · age_up castle |
| 20:06 | Str1zh · age_up castle |
| 20:09 | Str1zh · first_building Barracks |
| 20:16 | LimAstora2434 · wall_segment Stone Wall x18 |
| 20:34 | Dynasty · first_building Monastery |
| 20:54 | TheDukeofWrenches · age_up castle |
| 21:21 | TheDukeofWrenches · first_building Monastery |
| 21:41 | CelticNYC · first_building Stable |
| 21:45 | CelticNYC · first_building Archery Range |
| 22:02 | SneakyTea · first_building Siege Workshop |
| 22:14 | eward17 · first_building Monastery |
| 22:24 | Str1zh · first_building Monastery |
| 22:50 | LimAstora2434 · wall_segment Stone Wall x11 |
| 22:56 | LimAstora2434 · wall_segment Stone Wall x1 |
| 23:17 | CelticNYC · tribute_sent a jugador 1 |
| 23:17 | CelticNYC · tribute_sent a jugador 2 |
| 23:17 | CelticNYC · tribute_sent a jugador 3 |
| 23:17 | CelticNYC · tribute_sent a jugador 4 |
| 23:17 | CelticNYC · tribute_sent a jugador 5 |
| 23:17 | CelticNYC · tribute_sent a jugador 7 |
| 23:17 | CelticNYC · tribute_sent a jugador 8 |
| 23:36 | TheDukeofWrenches · first_building Barracks |
| 23:54 | CelticNYC · age_up castle |
| 24:03 | eward17 · first_building Castle |
| 24:10 | CelticNYC · first_market_sell 100 food |
| 24:11 | CelticNYC · first_market_buy 100 wood |
| 25:01 | f -type · first_building Barracks |
| 25:30 | eward17 · first_building Stable |
| 25:31 | TheDukeofWrenches · age_up imperial |
| 25:31 | CelticNYC · tribute_sent a jugador 1 |
| 25:31 | CelticNYC · tribute_sent a jugador 2 |
| 25:31 | CelticNYC · tribute_sent a jugador 3 |
| 25:31 | CelticNYC · tribute_sent a jugador 4 |
| 25:31 | CelticNYC · tribute_sent a jugador 5 |
| 25:31 | CelticNYC · tribute_sent a jugador 7 |
| 25:31 | CelticNYC · tribute_sent a jugador 8 |
| 25:37 | TheDukeofWrenches · first_building Siege Workshop |
| 25:39 | Dynasty · resign |
| 26:03 | f -type · first_building Archery Range |
| 26:09 | eward17 · first_building Siege Workshop |
| 26:19 | f -type · first_building Castle |
| 27:06 | CelticNYC · first_building Monastery |
| 27:58 | LimAstora2434 · first_building Monastery |
| 28:41 | f -type · first_building Monastery |
| 28:49 | f -type · first_building Siege Workshop |
| 28:57 | LimAstora2434 · first_market_sell 100 food |
| 29:15 | SneakyTea · first_building Castle |
| 30:20 | Str1zh · first_building Castle |
| 30:40 | eward17 · age_up imperial |
| 31:06 | f -type · first_market_buy 100 food |
| 31:45 | SneakyTea · wall_segment Stone Wall x12 |
| 31:53 | SneakyTea · wall_segment Stone Wall x6 |
| 31:54 | SneakyTea · wall_segment Stone Wall x16 |
| 32:35 | f -type · first_building Stable |
| 32:58 | Str1zh · first_building Stable |
| 33:08 | CelticNYC · first_building Castle |
| 33:49 | LimAstora2434 · first_building Castle |
| 34:11 | Str1zh · first_building Siege Workshop |
| 34:18 | f -type · age_up imperial |
| 34:36 | LimAstora2434 · first_building Siege Workshop |
| 35:27 | Str1zh · age_up imperial |
| 35:59 | CelticNYC · age_up imperial |
| 36:05 | CelticNYC · first_building Siege Workshop |
| 38:50 | LimAstora2434 · first_building Stable |
| 42:56 | CelticNYC · wall_segment Stone Wall x18 |
[ AI ANALYSIS · 1 CREDIT ]
What really happened in this match?
Wolo.gg analyzes every decision: build order, eco, micro, common mistakes by bracket. Personalized analysis on WhatsApp or Discord in 30 seconds.
Civ guide
Celts
Map guide
Black Forest
Perfil
SneakyTea